 Dungeon Crawl Stone Soup version 0.28-a0-1227-ga9037bb4c8 (webtiles) character file.

Game seed: 14843139124816789623

299 oldriver the Ruffian (level 6, -9/52 HPs)
             Began as a Ghoul Monk on Dec 23, 2021.
             Mangled by an ogre (26 damage)
             ... on level 3 of the Dungeon.
             The game lasted 00:02:16 (2479 turns).

oldriver the Ruffian (Ghoul Monk)                   Turns: 2479, Time: 00:02:17

Health: -9/52      AC:  4    Str: 15    XL:     6   Next: 36%
Magic:  5/5        EV: 13    Int:  5    God:
Gold:   31         SH:  0    Dex: 13    Spells: 5/5 levels left

rFire   . . .      SeeInvis .     - Unarmed
rCold   + + .      Faith    .   (no shield)
rNeg    + + +      Spirit   .   a - +0 robe
rPois   ∞          Reflect  .   (no helmet)
rElec   .          Harm     .   (no cloak)
rCorr   .          Rampage  .   (no gloves)
Will    .....                   i - +1 pair of boots
Stlth   ++........              (no amulet)
HPRegen 0.00/turn               c - ring of protection from cold
MPRegen 0.09/turn               (no ring)

@: inhibited regen
A: claws 1, cold resistance 1, negative energy resistance 3, inhibited
regeneration, torment resistance 2
a: no special abilities


You were on level 3 of the Dungeon.
You visited 1 branch of the dungeon, and saw 3 of its levels.

You collected 31 gold pieces.

Inventory:

Armour
 a - a +0 robe (worn)
 i - a +1 pair of boots (worn)
Jewellery
 c - a ring of protection from cold (left claw)
Scrolls
 b - a scroll of identify {unknown}
 d - 2 scrolls of enchant armour {unknown}
 f - a scroll of silence {unknown}
 h - a scroll of fear {unknown}
 k - 2 scrolls of magic mapping {unknown}
 m - a scroll of noise {unknown}
Potions
 e - a potion of curing
 g - a potion of lignification {unknown}
 j - 3 potions of mutation {unknown}
 l - a potion of invisibility {unknown}
 n - a potion of heal wounds {unknown}


   Skills:
 * Level 4.2 Fighting
 + Level 3.4 Dodging
 + Level 3.7 Stealth
 * Level 5.9 Unarmed Combat


You had 5 spell levels left.
You didn't know any spells.
Your spell library contained the following spells:

 Spells                   Type           Power      Damage    Failure   Level
 Static Discharge         Conj/Air       0%         N/A       63%         2
 Lightning Bolt           Conj/Air       0%         1d11      100%        5
 Maxwell's Capacitive Co  Air            0%         ∞         100%        8


Dungeon Overview and Level Annotations

Branches:
Dungeon (3/15)

Altars:


Innate Abilities, Weirdness & Mutations

You thrive by killing the living.
You are immune to poison.
You have sharp fingernails.
Your flesh is cold resistant. (rC+)
You are immune to negative energy. (rN+++)
You do not regenerate when monsters are visible.
You are immune to unholy pain and torment.


Message History

The ogre is moderately wounded.
You scratch the ogre.
The ogre is heavily wounded.
The ogre misses you.
You claw the ogre!
The ogre is severely wounded.
The ogre hits you with a +0 giant spiked club!
You scratch the ogre.
The ogre is almost dead.
You barely miss the ogre.
The ogre is almost dead.
The ogre hits you with a +0 giant spiked club!
You scratch the ogre but do no damage.
The ogre is almost dead.
The giant cockroach bites you but does no damage.
The ogre hits you with a +0 giant spiked club!
You are too injured to fight recklessly!
You are too injured to fight recklessly!
You are too injured to fight recklessly!
You are too injured to fight recklessly!
You are too injured to fight recklessly!
You are too injured to fight recklessly!
You are too injured to fight recklessly!
You are too injured to fight recklessly!
You are too injured to fight recklessly!
You are too injured to fight recklessly!
You are too injured to fight recklessly!
You are too injured to fight recklessly!
You are too injured to fight recklessly!
You are too injured to fight recklessly!
You are too injured to fight recklessly!
You are too injured to fight recklessly!
You are too injured to fight recklessly!
You claw the giant cockroach!
You kill the giant cockroach!
You barely miss the ogre.
The ogre is severely wounded.
The ogre hits you with a +0 giant spiked club!!
Ouch! That really hurt!
You die...

#.#.#....#.#.#######
#.# #....#.# # #.#
#.## #.# ####### #.#
#. #.# ....... #.#
.. ....... #.# ..
.###### ######.###
..# ..# # #........#
..# ..# # #.####.#@#
..# ..# # #[#
#.#O#..# ..## #.#
#.#:..# ..# #.#
#.#..## #.# #.#
#.#..# ## #.# #.#
#.#..# +# #.#+ ##..
#.# #.#...###.
#..###... #.#
#.#.#.....###.......
#.#
#.#...........######


You could see an ogre.

Vanquished Creatures
  Sigmund (D:2)
  A centaur skeleton (D:3)
  Terence (D:2)
  5 adders
  5 ball pythons
  3 endoplasms (D:2)
  4 giant cockroaches
  4 goblins
  4 hobgoblins
  8 jackals
  5 kobolds (D:1)
  3 quokkas
  2 bats
  2 frilled lizards
  4 rats
52 creatures vanquished.

Notes
Turn   | Place    | Note
-------+----------+-------------------------------------------
     0 | D:1      | oldriver the Ghoul Monk began the quest for the Orb.
     0 | D:1      | Reached XP level 1. HP: 19/19 MP: 0/0
    10 | D:1      | Noticed an electric eel
   255 | D:1      | Reached XP level 2. HP: 26/26 MP: 1/1
   991 | D:1      | Reached XP level 3. HP: 31/31 MP: 2/2
  1143 | D:1      | Reached skill level 4 in Unarmed Combat
  1463 | D:2      | Noticed Sigmund
  1770 | D:2      | Killed Sigmund
  1771 | D:2      | Reached skill level 5 in Unarmed Combat
  1771 | D:2      | Reached XP level 4. HP: 21/40 MP: 3/3
  1771 | D:2      | Reached XP level 5. HP: 25/46 MP: 4/4
  1985 | D:2      | Reached XP level 6. HP: 50/52 MP: 5/5
  2032 | D:2      | Found a faded altar of an unknown god.
  2135 | D:2      | Noticed Terence
  2143 | D:2      | Killed Terence
  2479 | D:3      | Mangled by an ogre

Illustrated notes

Levels and vault maps discovered:
D:1:      arrival_aquarium_a, layout_basic
D:2:      layout_rooms, basic_ecumenical_altar, uniq_terence, uniq_sigmund
D:3:      layout_basic, nicolae_dithmenos_the_darkroom,
          nemelex_spade_bored_becter, evilmike_ruin_ashenzari, minivault_24

Skill      XL: |  1  2  3 |
---------------+----------+-----
Unarmed Combat | 5 |  5.9
Dodging        | 3 |  3.4
Fighting       | 4 |  4.2
Stealth        | 3 |  3.7

Action                   |  1- 3 |  4- 6 || total
-------------------------+-------+-------++-------
Melee: Unarmed           |   118 |    55 ||   173
       Punch             |     2 |     2 ||     4
  Use: Potion            |     1 |       ||     1
 Stab: Sleeping          |     9 |     3 ||    12
Armor: Robe              |    15 |    11 ||    26
Dodge: Dodged            |    76 |    33 ||   109

Table legend: (Time is in decaauts)
 A = Elapsed time spent in this place.
 B = Non-inter-level travel time spent in this place.
 C = Inter-level travel time spent in this place.
 D = Time resting spent in this place.
 E = Time spent auto-exploring this place.
 F = Levels seen in this place.
 G = Mean time per level.
                   A        B        C        D        E       F      G
               +--------+--------+--------+--------+--------+-----+--------+
         Total |   2465 |   2398 |     67 |    810 |   1200 |   3 |  821.7 |
       Dungeon |   2465 |   2398 |     67 |    810 |   1200 |   3 |  821.7 |
               +--------+--------+--------+--------+--------+-----+--------+

Top non-repeatable levels by time:
     D:1: 1693 daAuts
     D:2: 651 daAuts
     D:3: 120 daAuts
